 Dungeon Crawl Stone Soup version 0.20-a0-263-g81abdfb (webtiles) character file.

672 yukitheduck the Chiller (level 7, -10/51 (55) HPs)
             Began as a Ghoul Ice Elementalist on Dec 4, 2016.
             Was an Initiate of Sif Muna.
             Mangled by an orc warrior
             ... wielding a +0 hand axe
              (13 damage)
             ... on level 6 of the Dungeon.
             The game lasted 00:28:32 (6803 turns).

yukitheduck the Chiller (Ghoul Ice Elementalist)    Turns: 6803, Time: 00:28:33

HP:   -10/51 (55)   AC:  2    Str: 13    XL:     7   Next: 58%
MP:   1/8           EV: 12    Int: 11    God:    Sif Muna [......]
Gold: 271           SH:  0    Dex:  9    Spells: 2/9 levels left

rFire  . . .     SeeInvis .       - Unarmed
rCold  + . .     Gourm    .     a - +0 robe
rNeg   + + +     Faith    .     (no shield)
rPois  ∞         Spirit   .     (no helmet)
rElec  .         Reflect  .     (no cloak)
rCorr  .         Harm     .     (no gloves)
MR     +....                    (no boots)
Stlth  ++........               (no amulet)
                                n - ring of poison resistance
                                d - ring of protection from magic

@: about to teleport, very slightly contaminated, rotting
A: rotting body, claws 1, carnivore 3, cold resistance 1, negative energy
resistance 3, slow regeneration 1, torment resistance, unbreathing
a: Renounce Religion


You were on level 6 of the Dungeon.
You worshipped Sif Muna.
Sif Muna was noncommittal.
You were not hungry.

You visited 2 branches of the dungeon, and saw 7 of its levels.

You collected 271 gold pieces.

Inventory:

Armour
 a - a +0 robe (worn)
Jewellery
 d - a ring of protection from magic (left claw)
 n - a ring of poison resistance (right claw)
Wands
 h - a wand of polymorph (16/24)
 k - a wand of disintegration (13/24)
 m - a wand of random effects (9/48)
Scrolls
 e - 4 scrolls of identify
 f - 2 scrolls of amnesia
 g - 2 scrolls of teleportation
 o - a scroll of noise {unknown}
Potions
 i - 2 potions of curing
 j - a potion of resistance
 l - a potion of lignification
Books
 b - a book of Frost

   Spells                             Type                      Level
   a - Freeze                         Ice                          1
   b - Throw Frost                    Conjuration/Ice              2
   c - Ozocubu's Armour               Charms/Ice                   3
   d - Throw Icicle                   Conjuration/Ice              4
   e - Summon Ice Beast               Ice/Summoning                4
Comestibles
 c - a meat ration


   Skills:
 - Level 2.1 Fighting
 - Level 1.7 Dodging
 - Level 2.1 Stealth
 - Level 4.1 Unarmed Combat
 - Level 1.7 Spellcasting
 + Level 3.1 Conjurations
 - Level 6.7 Ice Magic


You had 2 spell levels left.
You knew the following spells:

 Your Spells              Type           Power        Failure   Level  Hunger
a - Freeze                Ice            ###.         1%          1    ##.....
b - Throw Frost           Conj/Ice       ##....       10%         2    ###....
c - Throw Icicle          Conj/Ice       ##......     45%         4    #####..


Dungeon Overview and Level Annotations

Branches:
Dungeon (6/15)             Temple (1/1) D:5

Altars:
Cheibriados
Dithmenos
Elyvilon
Fedhas
Gozag
Kikubaaqudgha
Makhleb
Okawaru
Qazlal
Ru
Sif Muna
Trog
Uskayaw
Xom
Yredelemnul
Zin


Innate Abilities, Weirdness & Mutations

Your body is rotting away.
You thrive on raw meat.
You are immune to poison.
You have sharp fingernails.
You are carnivorous and can eat meat at any time.
Your flesh is cold resistant. (rC+)
You are immune to negative energy. (rN+++)
You regenerate slowly when monsters are visible.
You are immune to unholy pain and torment.
You can survive without breathing.


Message History

an enchanted hand axe; a leather armour; 20 gold pieces You closely miss the orc warrior.
The orc warrior hits you with a hand axe!!
You scratch the orc warrior but do no damage.
The orc hits you.
You closely miss the orc warrior.
The orc warrior hits you with a hand axe.
You closely miss the orc warrior. The orc misses you.
The orc warrior hits you with a hand axe!
* * * LOW HITPOINT WARNING * * *
An orc wizard comes into view. It is wielding a dagger of flaming.
You are too injured to fight recklessly!
You are too injured to fight recklessly!
You are too injured to fight recklessly!
You are too injured to fight recklessly!
As you read the scroll of teleportation, it crumbles to dust.
You feel strangely unstable. The orc hits you.
* * * LOW HITPOINT WARNING * * *
The orc warrior hits you with a hand axe!
You die...

####### ########
#.)<..#
##......########.#####
#.......##.....#...###.
#.......+...>..........
#.......##...........#.
##.....o.....#.###.....
###..@oo....#...###...
#.(##.##..###.###...
#..#. .#............
##.# #..###.....## #.#
#............ #.#
#..########## #.# #..#
#.# #..# #.# #..#


You could see an orc warrior, an orc wizard and an orc.

Vanquished Creatures
  An ogre (D:5)
  The ghost of badrng the Charmwright, a weakling HESk (D:3)
  2 crimson imps (D:5)
  2 hounds
  A centaur skeleton (D:6)
  3 orc priests
  An orc wizard (D:3)
  Jessica (D:2)
  A killer bee zombie (D:5)
  8 adders
  2 shadow imps (D:5)
  3 oozes
  2 adder skeletons (D:4)
  A worm (D:5)
  6 dart slugs
  2 leopard geckos
  18 orcs
  2 giant cockroaches
  11 goblins
  10 hobgoblins
  4 jackals (D:4)
  2 quokkas (D:5)
  2 ball pythons (D:2)
  6 bats
  6 frilled lizards
  A jackal zombie (D:5)
  6 kobolds
  A leopard gecko skeleton (D:5)
  A quokka zombie (D:6)
  9 rats
116 creatures vanquished.

Notes
Turn   | Place    | Note
-------+----------+-------------------------------------------
     0 | D:1      | yukitheduck the Ghoul Ice Elementalist began the quest for the Orb.
     0 | D:1      | Reached XP level 1. HP: 14/14 MP: 2/2
   147 | D:1      | Reached XP level 2. HP: 20/20 MP: 0/3
   208 | D:1      | Reached skill level 4 in Ice Magic
   380 | D:1      | Reached XP level 3. HP: 18/26 MP: 0/4
   571 | D:1      | Learned a level 2 spell: Throw Frost
  1068 | D:2      | Noticed Jessica
  1079 | D:2      | Killed Jessica
  1079 | D:2      | Reached skill level 5 in Ice Magic
  1079 | D:2      | Reached XP level 4. HP: 30/33 MP: 0/5
  1230 | D:2      | Reached skill level 1 in Conjurations
  1867 | D:2      | Found a burning altar of Makhleb.
  1881 | D:2      | Reached XP level 5. HP: 15/38 MP: 1/6
  2211 | D:3      | Reached skill level 1 in Unarmed Combat
  2805 | D:3      | Noticed badrng's ghost (weakling HESk)
  2820 | D:3      | Killed badrng's ghost
  2820 | D:3      | Reached XP level 6. HP: 24/43 MP: 1/7
  3073 | D:3      | Reached skill level 1 in Fighting
  3638 | D:4      | Noticed a hippogriff
  4368 | D:4      | Found a stormy altar of Qazlal.
  4816 | D:5      | Entered Level 5 of the Dungeon
  4854 | D:5      | Found a staircase to the Ecumenical Temple.
  4860 | Temple   | Entered the Ecumenical Temple
  4910 | Temple   | Learned a level 2 spell: Throw Frost
  4915 | Temple   | Learned a level 4 spell: Throw Icicle
  4923 | Temple   | Became a worshipper of Sif Muna the Loreminder
  5054 | D:5      | Reached XP level 7. HP: 51/51 MP: 5/8
  5372 | D:5      | Found an iron altar of Okawaru.
  5691 | D:5      | Reached skill level 6 in Ice Magic
  6803 | D:6      | Mangled by an orc warrior

Vault maps used:
D:1:      lemuel_arrival_funnel
D:2:      makhleb_blood_cavern_becter, uniq_jessica
D:3:      first_bread
D:4:      grunt_qazlal_sundering
D:5:      lightli_sewer_entry_pipes, okawaru_metal_pillars_1_2
D:6:      gammafunk_temple_overflow_statue, vehumet_statue
Temple:   jpeg_temple_clearing

Skill      XL: |  1  2  3  4  5  6  7 |
---------------+----------------------+-----
Ice Magic      | 4 5 6 |  6.7
Conjurations   | 2 3 |  3.1
Unarmed Combat | 2 4 |  4.1
Fighting       | 2 |  2.1
Dodging        | |  1.7
Stealth        | |  2.1
Spellcasting   | |  1.7

Action                   |  1- 3 |  4- 6 |  7- 9 || total
-------------------------+-------+-------+-------++-------
Melee: Unarmed           |    65 |   212 |    48 ||   325
       Punch             |       |       |     2 ||     2
 Cast: Freeze            |    31 |    73 |    46 ||   150
       Throw Frost       |     6 |     8 |    22 ||    36
  Use: Scroll            |       |     8 |     2 ||    10
       Potion            |       |       |     2 ||     2
 Stab: Distracted        |       |     1 |       ||     1
       Sleeping          |       |     1 |       ||     1
  Eat: Chunk             |     2 |    16 |     5 ||    23
       Meat ration       |       |       |     1 ||     1
Armor: Robe              |    12 |    56 |    13 ||    81
Dodge: Dodged            |    53 |   175 |    45 ||   273
